Map: Luxuriance EC (Void)

Players

Kiwi

  • Race: Terran Terran
  • League: Master
  • Spawn Location: 1:00

Denver - Winner!

  • Race: Zerg Zerg
  • League: Grandmaster
  • Spawn Location: 7:00

VOD

Have the link to the VOD?

Description

Time

  • Played on: Jan. 4, 2017, 9:13 a.m.
  • Length: 10:26
Show
View Real Time Build Order
Export as new Build Order

Kiwi Terran 

Build Orders: Reaper Expand, MMM Bio 

Get SALT Encoding   

  12  0:01  SCV  
  13  0:13  SCV  
  14  0:18  Supply Depot  
  14  0:25  SCV  
  15  0:39  SCV  
  15  0:40  Barracks  
  16  0:50  Refinery  
  16  0:52  SCV  
  17  1:04  SCV  
  18  1:16  SCV  
  19  1:29  Orbital Command  
  19  1:34  Reaper  
  19  1:38  Command Center  
  20  1:48  Barracks  
  20  1:58  SCV  
  21  2:07  Supply Depot  
  21  2:09  Barracks Reactor  
  21  2:11  SCV  
  21  2:15  Refinery  
  22  2:23  SCV  
  23  2:30  Factory  
  23  2:35  SCV  
  24  2:39  Barracks Tech Lab  
  24  2:46  Marine x2  
  26  2:52  Orbital Command, SCV  
  27  2:59  Marine  
  27  3:01  Stimpack  
  28  3:05  SCV  
  28  3:10  Marine x2  
  31  3:17  SCV  
  31  3:18  SCV  
  31  3:19  Marine  
  34  3:21  Starport  
  34  3:25  Factory Reactor  
  34  3:27  Marine  
  34  3:30  SCV  
  34  3:33  Marine  
  37  3:37  Marine, SCV  
  39  3:44  SCV  
  39  3:45  Marine  
  40  3:50  Supply Depot  
  40  3:51  Marine  
  40  3:52  Supply Depot, SCV  
  42  3:55  Marine  
  42  3:56  SCV  
  44  4:04  SCV  
  44  4:06  Marine  
  46  4:11  Medivac x2, SCV, Marine  
  46  4:14  Marine  
  46  4:15  Refinery  
  46  4:16  SCV  
  54  4:23  Supply Depot, SCV  
  54  4:24  Marine  
  55  4:29  Marine  
  57  4:32  Engineering Bay, Marine  
  57  4:33  SCV  
  57  4:35  SCV  
  57  4:37  Engineering Bay  
  60  4:42  Marine  
  61  4:47  Marine  
  61  4:48  Supply Depot, SCV  
  61  4:49  Medivac  
  61  4:50  Marine  
  61  4:52  SCV  
  67  4:55  Supply Depot  
  67  4:59  Terran Infantry Weapons Level 1, Marine  
  67  5:00  SCV  
  67  5:05  Terran Infantry Armor Level 1, Marine  
  67  5:06  Combat Shields  
  70  5:09  Marine  
  71  5:15  Supply Depot  
  71  5:17  Marine  
  72  5:24  Marine  
  72  5:25  Widow Mine  
  72  5:27  Marine  
  73  5:36  SCV x2  
  75  5:46  Command Center  
  75  5:47  Barracks  
  75  5:48  SCV x2  
  77  5:54  Starport Reactor, Barracks  
  77  5:55  Marine  
  77  5:56  Marine  
  77  5:57  Marine  
  80  6:04  SCV  
  77  6:18  Marine  
  77  6:19  Marine  
  77  6:20  SCV, Factory Reactor  
  77  6:22  SCV  
  77  6:23  Barracks  
  77  6:24  Supply Depot  
  81  6:26  Armory  
  78  6:33  SCV  
  78  6:37  Marine x3  
  78  6:38  Medivac x2  
  86  6:40  Barracks Reactor  
  86  6:45  Marine x2  
  84  6:48  SCV  
  84  6:49  SCV  
  84  6:51  Refinery  
  86  6:55  Marine x2  
  86  6:56  Marine  
  86  6:57  Widow Mine x2, Liberator  
  93  7:01  Orbital Command  
  93  7:03  Marine  
  93  7:05  Marine  
  95  7:13  Marine  
  95  7:14  Marine  
  95  7:15  Marine  
  99  7:26  Marine x2  
  99  7:29  Marine  
  102  7:32  Marine  
  102  7:34  Marine  
  104  7:37  Liberator, Marine  
  101  7:49  Marine  
  101  7:50  Marine x5  
  107  7:52  Terran Infantry Weapons Level 2, Terran Infantry Armor Level 2  
  107  7:54  Marine  
  111  8:02  Orbital Command  
  111  8:04  Marine  
  111  8:05  Widow Mine  
  112  8:07  SCV, Marine x2  
  112  8:11  Barracks Reactor  
  117  8:13  Barracks  
  117  8:14  Barracks  
  117  8:16  Marine  
  117  8:19  Bunker, Marine  
  113  8:20  Marine  
  113  8:22  Marine x2  
  117  8:36  SCV, Marine x3  
  121  8:42  Supply Depot  
  121  8:43  Supply Depot  
  121  8:47  Marine x3  
  124  8:48  Marine  
  125  8:56  Supply Depot, Factory  
  125  8:57  SCV  
  124  9:03  Medivac, Marauder  
  124  9:04  Marine x2  
  130  9:10  Marine x2  
  120  9:18  Marine  
  120  9:19  Widow Mine x2, Marine x5  
  120  9:22  SCV, Marine x2  
  126  9:26  Marine  
  126  9:28  Marine  
  126  9:30  Supply Depot x2  
  128  9:38  Marine x2  
  127  9:41  Marine x3  
  127  9:42  Marine x2  
  127  9:45  SCV, Marauder  
  132  9:46  SCV  
  132  9:47  SCV  
  125  9:56  Supply Depot  
  125  9:57  Missile Turret  
  125  9:58  Missile Turret  
  125  9:59  Factory Tech Lab, Marine x3  
  128  10:01  Marine  
  128  10:02  Missile Turret x2  
  129  10:08  Marine  
Show
View Real Time Build Order
Export as new Build Order

Denver Zerg - Winner!

Build Orders: Pool First, Muta Ling Bane 

Get SALT Encoding   

  12  0:01  Drone  
  13  0:13  Overlord  
  13  0:18  Drone  
  14  0:31  Drone x2  
  14  0:35  Drone  
  17  0:44  Spawning Pool  
  17  0:48  Drone  
  17  1:09  Hatchery  
  17  1:11  Drone  
  17  1:15  Drone  
  18  1:18  Drone  
  19  1:31  Queen  
  19  1:32  Zergling x2  
  22  1:55  Overlord  
  22  1:58  Hatchery  
  21  2:03  Drone  
  22  2:13  Queen  
  22  2:15  Drone x2  
  26  2:21  Drone, Extractor  
  26  2:25  Drone  
  26  2:29  Queen  
  29  2:32  Drone  
  29  2:36  Drone  
  31  2:41  Drone  
  32  2:44  Overlord  
  32  2:48  Drone  
  32  2:49  Drone  
  34  2:53  Drone  
  34  2:54  Drone  
  36  2:59  Overlord  
  35  3:06  Drone  
  35  3:09  Drone  
  35  3:12  Queen  
  37  3:15  Drone  
  37  3:16  Drone  
  41  3:22  Metabolic Boost  
  41  3:24  Drone  
  42  3:27  Drone x3  
  42  3:30  Drone  
  42  3:31  Drone  
  47  3:40  Drone x4  
  50  3:46  Drone x3  
  53  3:48  Overlord  
  53  3:53  Overlord  
  53  4:02  Extractor  
  52  4:03  Evolution Chamber, Drone x3  
  52  4:04  Evolution Chamber  
  52  4:06  Drone x2  
  55  4:10  Overlord  
  55  4:12  Drone  
  55  4:15  Drone x3  
  59  4:18  Queen  
  61  4:25  Drone x4  
  61  4:26  Overlord  
  61  4:29  Zerg Melee Weapons Level 1  
  61  4:31  Zergling x2  
  66  4:36  Zergling x6  
  66  4:37  Zergling x2  
  70  4:42  Zerg Ground Armor Level 1  
  70  4:45  Zergling x6  
  72  4:46  Zergling x4  
  75  4:56  Zergling x2  
  75  4:57  Zergling x14  
  83  5:02  Overlord  
  83  5:05  Baneling Nest  
  83  5:06  Drone  
  83  5:08  Spore Crawler  
  83  5:09  Zergling x2  
  83  5:14  Drone  
  83  5:15  Drone  
  83  5:25  Drone x6  
  83  5:27  Zergling x4  
  87  5:36  Lair  
  87  5:37  Zergling x10  
  87  5:38  Queen, Hatchery  
  87  5:40  Extractor  
  87  5:42  Extractor  
  91  5:45  Queen  
  93  5:50  Baneling  
  93  5:51  Baneling x7  
  93  5:55  Drone x2  
  93  5:56  Zergling x2  
  96  5:57  Zergling x4, Hatchery  
  96  5:58  Overlord x2  
  96  6:00  Overlord  
  96  6:01  Overlord  
  97  6:04  Overlord  
  95  6:15  Zergling x2  
  95  6:16  Zergling x8  
  97  6:25  Zergling x2  
  98  6:28  Overlord  
  98  6:31  Drone x5  
  101  6:33  Extractor  
  101  6:36  Zergling x6  
  100  6:42  Centrifical Hooks, Hatchery  
  100  6:43  Zerg Ground Armor Level 2  
  99  6:48  Zergling x8  
  99  6:52  Zerg Melee Weapons Level 2  
  99  6:53  Queen  
  105  6:54  Extractor  
  105  7:01  Zergling x2  
  105  7:02  Zergling x20  
  115  7:15  Zergling x2  
  116  7:16  Zergling x8  
  116  7:20  Overlord  
  116  7:22  Drone x5  
  123  7:26  Spire  
  122  7:32  Zergling x16  
  128  7:46  Zergling x2  
  128  7:47  Zergling x24  
  141  7:53  Overlord x2  
  140  8:07  Overlord x2  
  140  8:20  Overlord  
  140  8:28  Infestation Pit  
  139  8:39  Mutalisk  
  139  8:40  Mutalisk x11  
  165  8:43  Extractor  
  165  8:44  Extractor  
  165  8:45  Drone x3  
  165  8:46  Drone x3  
  169  8:51  Zergling x14  
  169  8:52  Zergling x2  
  173  9:04  Zergling x2  
  173  9:05  Zergling x20  
  181  9:17  Drone x2  
  181  9:18  Drone  
  184  9:25  Zergling x2  
  184  9:26  Zergling x24  
  191  9:41  Zergling x2  
  191  9:42  Zergling x10  
  191  9:44  Overlord  
  193  9:54  Baneling  
  193  9:55  Baneling x26  
  193  9:56  Baneling x10  
  192  10:00  Baneling x4  
  192  10:01  Baneling x5  
Tags
 
Add a new tag
Caveats
  • Supply blocks, unpowered buildings, or Contaminate may cause inaccurate times.
  • Supply counts are checked every 10 seconds.